 Dungeon Crawl Stone Soup version 0.19-a0-1317-ge66d2b0 (webtiles) character file.

4093 Ellandar the Carver (level 10, -2/132 HPs)
             Began as a Minotaur Fighter on Aug 30, 2016.
             Was a Believer of Okawaru.
             Slain by an orc warrior
             ... wielding a +2 war axe of venom
              (15 damage)
             ... on level 10 of the Dungeon on Aug 31, 2016.
             The game lasted 00:29:42 (9112 turns).

Ellandar the Carver (Minotaur Fighter)              Turns: 9112, Time: 00:29:43

Health: -2/132     AC: 25    Str: 22    XL:     10   Next: 5%
Magic:  10/10      EV:  2    Int:  5    God:    Okawaru [**....]
Gold:   397        SH: 12    Dex: 17    Spells: 0 memorised, 9 levels left

rFire  . . .     SeeInvis .     a - +0 long sword
rCold  . . .     Gourm    .     (armour currently unavailable)
rNeg   + + +     Faith    .     c - +0 shield
rPois  +         Spirit   .     (helmet currently unavailable)
rElec  .         Dismiss  .     (cloak currently unavailable)
rCorr  .         Reflect  .     (gloves currently unavailable)
MR     .....     Harm     .     (boots currently unavailable)
Stlth  +++....... NoTele   +    (no amulet)
                                (no ring)
                                (no ring)

@: agile, tree-form, very slightly contaminated
A: (retaliatory headbutt), (horns 0), (talons 0), (iridescent scales 0), high mp
1, no device heal 1
a: Heroism, Renounce Religion


You were on level 10 of the Dungeon.
You worshipped Okawaru.
Okawaru was pleased with you.
You were hungry.
You were a tree.
You visited 2 branches of the dungeon, and saw 11 of its levels.

You collected 397 gold pieces.

Inventory:

Hand Weapons
 a - a +0 long sword (weapon)
Armour
 b - a +0 scale mail
 c - a +0 shield (worn)
 x - a +0 plate armour (melded)
 J - a +0 cloak (melded)
Jewellery
 j - an uncursed ring of ice
 y - an uncursed ring of magical power
 L - an uncursed ring of ice
 M - an uncursed ring of stealth {unknown}
Wands
 v - a wand of polymorph (5/24)
 z - a wand of flame (14/48)
 B - a wand of paralysis (16/24)
 N - a wand of iceblast (7/15)
Scrolls
 e - 5 scrolls of identify
 h - a scroll of silence {unknown}
 l - 3 scrolls of blinking
 m - 2 scrolls of teleportation
 n - 8 scrolls of remove curse
 p - a scroll of fear {unknown}
 r - a scroll of random uselessness {unknown}
 t - 2 scrolls of immolation {unknown}
 D - a scroll of acquirement {unknown}
 F - 2 scrolls of magic mapping
 G - a scroll of enchant weapon {unknown}
 H - 3 scrolls of enchant armour {unknown}
 K - a scroll of holy word {unknown}
 O - a scroll of amnesia
 R - a scroll of noise {unknown}
Potions
 d - a potion of magic
 o - 2 potions of invisibility {unknown}
 q - 2 potions of brilliance {unknown}
 s - a potion of cure mutation {unknown}
 u - 3 potions of curing
 w - a potion of lignification
 C - a potion of resistance {unknown}
 E - a potion of beneficial mutation
 I - a potion of heal wounds
 Q - a potion of haste
Comestibles
 f - 7 bread rations
 i - 4 fruits
 k - a meat ration
 A - a royal jelly
 P - a slice of pizza


   Skills:
 + Level 8.0 Fighting
 * Level 10.3 Long Blades
 + Level 7.9 Armour
 + Level 6.4 Dodging
 + Level 7.8 Shields


You had 9 spell levels left.
You didn't know any spells.

Dungeon Overview and Level Annotations

Branches:
Dungeon (9/15)             Temple (1/1) D:7            Lair (0/6) D:8
    Orc (0/2) D:9

Altars:
Ashenzari
Cheibriados
Dithmenos
Elyvilon
Fedhas
Gozag
Hepliaklqana
Kikubaaqudgha
Makhleb
Nemelex Xobeh
Okawaru
Qazlal
Ru
Sif Muna
Trog
Vehumet
Xom
Yredelemnul
Zin
The Shining One

Shops:
D:4 :   D:8 !

Annotations:
D:4 exclusion: downstairs


Innate Abilities, Weirdness & Mutations

((You reflexively headbutt those who attack you in melee.))
((You have a pair of horns on your head.))
((You have sharp toenails.))
((You are partially covered in iridescent scales. (AC +2)))
You have an increased reservoir of magic. (+10% MP)
Potions and wands are less effective at restoring your health.


Message History

* * * LOW HITPOINT WARNING * * *
You closely miss the orc warrior.
The orc warrior is almost dead.
You block the orc warrior's attack.
You hit the orc warrior but do no damage.
The orc warrior is severely wounded.
You feel sick.
The orc warrior hits you with a war axe of venom!
* * * LOW HITPOINT WARNING * * *
You closely miss the orc warrior.
The orc warrior is severely wounded.
You hear some strange, mumbled words.
You barely miss the orc warrior.
The orc warrior is severely wounded.
The orc warrior hits you but does no damage.
You are more poisoned.
Your system partially rejects the healing.
You feel better.
The orc warrior hits you with a war axe of venom!
You die...

,,,,,,,**,,≈≈≈≈≈* *,**,,,,,
,<*,,,,**,**≈≈≈** *,**,,,,,
*,*,,,,**,****** *,**,,,,,
*,*,,,,.#+###### ########+###****
*,*,,,,........# #..........# **
*,,,,,,........# #.......o..# *,
*,,,,,,........# #.zo.......# *,
*,,,,,,........###Y{{....)..# *,
,,,,,,,.........♣o{zY.......# *,
*,,,,**#Y...######YY#####'### *,
*,,,,* #....* ##.#* #.# *, *,,,,*
##.#** #..#**#.# *, ,,****
*#'********#....,#.#*****,
,*******,,,,,,,,,,#.....#..,,,,,,
,',,,,,+,,,,,,,,,,#...=.#..,,,,**
,*******,,,,,,,,,,*,,...#..,,,,*
,* *,,,,,,,,,,*,,,,,#...,,,*


You could see 4 yaks, an orc warrior, 2 wights and an orc.

Vanquished Creatures
  A spriggan (D:7)
  A hippogriff (D:7)
  Menkaure (D:5)
  2 wargs (D:7)
  An ice beast (D:6)
  3 orc warriors
  2 sky beasts (D:7)
  5 ogres
  2 wasps
  3 centaurs
  Blork the orc (D:5)
  5 giant frogs
  3 scorpions
  A wight (D:10)
  3 killer bees (D:9)
  3 crimson imps (D:7)
  2 jellies
  7 hounds
  Crazy Yiuf (D:6)
  5 orc priests
  3 iguanas
  Natasha (thrice) (D:3)
  7 orc wizards
  4 worker ants
  2 hound skeletons
  Robin (D:2)
  13 adders
  3 gnolls (D:6)
  2 shadow imps
  2 oozes
  An adder zombie (D:9)
  An adder skeleton (D:6)
  3 dart slugs
  2 worms
  The ghost of PurpleRed the Conjurer, a weakling DECj (D:3)
  5 giant geckos
  30 orcs
  A ball python (D:1)
  8 giant cockroaches
  16 goblins
  9 hobgoblins
  17 jackals
  4 kobolds
  7 quokkas
  10 bats
  A giant cockroach zombie (D:6)
  9 giant newts
  A jackal skeleton (D:6)
  5 rats
  A fungus (D:4)
224 creatures vanquished.

Notes
Turn   | Place    | Note
-------+----------+-------------------------------------------
     0 | D:1      | Ellandar the Minotaur Fighter began the quest for the Orb.
     0 | D:1      | Reached XP level 1. HP: 19/19 MP: 0/0
   287 | D:1      | Reached skill level 3 in Long Blades
   287 | D:1      | Reached XP level 2. HP: 24/27 MP: 1/1
   400 | D:1      | Reached XP level 3. HP: 23/33 MP: 2/2
   501 | D:1      | Reached skill level 1 in Dodging
  1054 | D:2      | Noticed Robin
  1064 | D:2      | Killed Robin
  1065 | D:2      | Reached XP level 4. HP: 36/40 MP: 3/3
  1071 | D:2      | Reached skill level 4 in Long Blades
  1424 | D:3      | Found a faded altar of an unknown god.
  1477 | D:3      | Noticed an ogre
  1482 | D:3      | HP: 1/40 [ogre/giant club (23)]
  1761 | D:3      | Killed an ogre
  1761 | D:3      | Reached XP level 5. HP: 4/47 MP: 4/4
  2062 | D:3      | Noticed PurpleRed's ghost (weakling DECj)
  2068 | D:3      | Killed PurpleRed's ghost
  2141 | D:3      | Noticed Natasha
  2146 | D:3      | Killed Natasha
  2146 | D:3      | Reached XP level 6. HP: 43/53 MP: 5/5
  2186 | D:3      | Noticed Natasha
  2199 | D:3      | Killed Natasha
  2226 | D:3      | Noticed Natasha
  2237 | D:3      | Killed Natasha
  2237 | D:3      | Reached skill level 5 in Long Blades
  2237 | D:3      | Reached skill level 5 in Armour
  2821 | D:4      | Found Rotzafil's Book Emporium.
  2852 | D:4      | Reached skill level 5 in Fighting
  2864 | D:4      | Reached XP level 7. HP: 40/61 MP: 6/6
  2969 | D:4      | Reached skill level 5 in Shields
  2999 | D:4      | Found a shadowy altar of Dithmenos.
  3081 | D:4      | Reached skill level 6 in Long Blades
  3879 | D:5      | Entered Level 5 of the Dungeon
  3916 | D:5      | Noticed Menkaure
  4106 | D:4      | Reached XP level 8. HP: 70/70 MP: 7/7
  4224 | D:5      | Reached skill level 7 in Long Blades
  4252 | D:5      | Killed Menkaure
  4464 | D:5      | Noticed Blork the orc
  4473 | D:5      | Killed Blork the orc
  5212 | D:6      | Reached skill level 8 in Long Blades
  5271 | D:6      | HP: 3/71 [ice beast (8)]
  5594 | D:6      | Found a runed door.
  5598 | D:6      | Noticed Crazy Yiuf
  5603 | D:6      | Killed Crazy Yiuf
  5687 | D:6      | Reached XP level 9. HP: 72/78 MP: 8/8
  5868 | D:7      | Found a blossoming altar of Fedhas.
  5875 | D:7      | Reached skill level 5 in Dodging
  5878 | D:7      | Found a snail-covered altar of Cheibriados.
  6053 | D:7      | Found a staircase to the Ecumenical Temple.
  6059 | Temple   | Entered the Ecumenical Temple
  6165 | Temple   | Became a worshipper of Warmaster Okawaru
  6432 | D:7      | Reached skill level 9 in Long Blades
  6465 | D:7      | Gained mutation: Scrolls take you a little longer to read. [mutagenic meat]
  6468 | D:7      | Gained mutation: You are partially covered in iridescent scales. (AC +2) [mutagenic meat]
  6471 | D:7      | Lost mutation: Scrolls take you a little longer to read. [mutagenic meat]
  6474 | D:7      | Gained mutation: You have an increased reservoir of magic. (+10% MP) [mutagenic meat]
  6477 | D:7      | Gained mutation: Potions and wands are less effective at restoring your health. [mutagenic meat]
  7100 | D:7      | Upgraded the game from 0.19-a0-1311-gdcfd90a to 0.19-a0-1317-ge66d2b0
  7262 | D:8      | Found a sparkling altar of Nemelex Xobeh.
  7365 | D:8      | Reached * piety under Okawaru
  7399 | D:8      | Found Jehot's Distillery.
  7477 | D:8      | Found a staircase to the Lair.
  8115 | D:8      | Reached skill level 10 in Long Blades
  8128 | D:8      | Found a white marble altar of Elyvilon.
  8533 | D:9      | Found a shimmering altar of Xom.
  8679 | D:9      | Found a staircase to the Orcish Mines.
  8681 | D:9      | Found a stormy altar of Qazlal.
  8759 | D:9      | Reached XP level 10. HP: 62/88 MP: 10/10
  8770 | D:9      | Reached ** piety under Okawaru
  9058 | D:9      | You fall through a shaft!
  9058 | D:10     | Entered Level 10 of the Dungeon
  9102 | D:10     | Gained mutation: You have sharp toenails. [potion of beneficial mutation]
  9109 | D:10     | HP: 6/132 [orc warrior/war axe of venom (9)]
  9112 | D:10     | Slain by an orc warrior

Vault maps used:
D:1:      minmay_arrival_diagonal_passages
D:2:      first_bread, uniq_robin
D:3:      ecumenical_altar_1, uniq_natasha
D:4:      old_forge, serial_shops, shop, grunt_ministairs_2,
          grunt_dithmenos_shadows
D:5:      dk_rats_in_the_wall, uniq_blork_the_orc, uniq_menkaure
D:6:      uniq_crazy_yiuf_cottage
D:7:      grunt_temple_overflow_open, the_bakery,
          hangedman_decor_clover_reticule
D:8:      elyvilon_altar_3, nemelex_xobeh_ov_fountains_minmay,
          erik_lair_orcish_takeover, serial_shops, shop
D:9:      lemuel_round_altar, grunt_qazlal_clouds, basic_altar
D:10:     serial_shops, nicolae_shop_waterfront, uniq_grum, uniq_fannar
Temple:   regret_index_temple_waves

Skill      XL: |  1  2  3  4  5  6  7  8  9 |
---------------+----------------------------+-----
Long Blades    | 3 4 5 6 8 10 | 10.3
Dodging        | 1 2 3 4 6 |  6.4
Armour         | 4 5 6 7 |  7.9
Shields        | 4 5 6 7 |  7.8
Fighting       | 4 5 6 8 |  8.0

Action                   |  1- 3 |  4- 6 |  7- 9 | 10-12 || total
-------------------------+-------+-------+-------+-------++-------
Melee: Long sword        |   113 |   183 |   520 |    53 ||   869
       Headbutt          |    12 |    30 |    95 |     9 ||   146
       Unarmed           |       |       |     3 |       ||     3
  Use: Scroll            |       |     3 |     5 |     2 ||    10
       Potion            |       |     2 |     2 |     5 ||     9
  Eat: Chunk             |       |     5 |    20 |     1 ||    26
       Beef jerky        |       |     1 |       |       ||     1
       Meat ration       |       |       |     1 |       ||     1
Armor: Scale mail        |    58 |    64 |    11 |       ||   133
       Plate armour      |       |       |   193 |    23 ||   216
       Skin              |       |       |     1 |     3 ||     4
Dodge: Dodged            |    44 |    53 |   119 |    11 ||   227
Block: Shield            |    58 |    91 |   262 |    26 ||   437
